 Dungeon Crawl Stone Soup version 0.21-a0-140-g479285b (webtiles) character file.

11192 tof the Spear-Bearer (level 11, -6/99 HPs)
             Began as a Minotaur Berserker on July 20, 2017.
             Was a High Priest of Trog.
             Splashed by a brown ugly thing's acid (10 damage)
             ... on level 11 of the Dungeon.
             The game lasted 00:30:08 (11611 turns).

tof the Spear-Bearer (Minotaur Berserker)          Turns: 11611, Time: 00:30:09

Health: -6/99      AC: -5    Str: 19    XL:     11   Next: 46%
Magic:  3/3        EV: 14    Int:  4    God:    Trog [*****.]
Gold:   525        SH:  0    Dex: 12    Spells: 10/10 levels left

rFire    . . .     SeeInvis .   J - +4 spear (antimagic)
rCold    . . .     Gourm    .   (no shield)
rNeg     + . .     Faith    .   o - +2 scale mail {MR+}
rPois    .         Spirit   .   (helmet restricted)
rElec    .         Reflect  .   y - +0 cloak
rCorr    .         Harm     .   t - +0 pair of gloves (curse)
MR       ++...                  (no boots)
Stlth    ..........             G - amulet of magic regeneration
HPRegen  0.26/turn              p - ring of protection from magic
MPRegen  0.33/turn              g - ring of positive energy

@: corroded
A: retaliatory headbutt, horns 2, clumsy 1, weak 1
a: Berserk, Trog's Hand, Brothers in Arms, Burn Spellbooks, Renounce Religion


You were on level 11 of the Dungeon.
You worshipped Trog.
Trog was extremely pleased with you.
You were not hungry.

You visited 1 branch of the dungeon, and saw 11 of its levels.
You also visited: Ossuary.

You collected 637 gold pieces.
You spent 112 gold pieces at shops.

Inventory:

Hand Weapons
 J - a +4 antimagic spear (weapon)
Armour
 o - a +2 scale mail of magic resistance (worn)
 t - a cursed +0 pair of gloves (worn)
 y - a +0 cloak (worn)
Jewellery
 g - a ring of positive energy (right hand)
 p - a ring of protection from magic (left hand)
 B - an uncursed ring of flight
 G - an amulet of magic regeneration (around neck)
Wands
 m - a wand of paralysis (11/24)
 s - a wand of polymorph (7/24)
 H - a wand of random effects (33/48)
 I - a wand of polymorph (11/24)
 K - a wand of disintegration (6/24)
Scrolls
 a - 2 scrolls of magic mapping {unknown}
 d - 4 scrolls of teleportation
 e - 2 scrolls of fog
 l - 11 scrolls of remove curse
 q - 2 scrolls of blinking {unknown}
 r - a scroll of fear
 u - a scroll of enchant armour
 z - a scroll of amnesia {unknown}
 D - a scroll of torment {unknown}
 E - a scroll of acquirement {unknown}
 F - 2 scrolls of recharging {unknown}
 L - a scroll of vulnerability {unknown}
 Q - a scroll of identify
Potions
 b - 3 potions of flight {unknown}
 h - a potion of brilliance
 i - 5 potions of haste {unknown}
 k - 3 potions of curing
 v - 2 potions of berserk rage
 w - a potion of ambrosia
 x - 2 potions of might {unknown}
 C - a potion of lignification
 N - a potion of heal wounds
 O - a potion of invisibility {unknown}
 P - a potion of magic {unknown}
 R - a potion of agility {unknown}
Books
 n - a book of Callings

   Spells                             Type                      Level
   a - Summon Small Mammal            Summoning                    1
   b - Call Imp                       Summoning                    2
   c - Call Canine Familiar           Summoning                    3
   d - Summon Guardian Golem          Hexes/Summoning              3
   e - Summon Lightning Spire         Summoning/Air                4
   f - Summon Ice Beast               Ice/Summoning                4
   Trog disapproves of the use of such an item.
 M - a book of the Sky

   Spells                             Type                      Level
   a - Summon Lightning Spire         Summoning/Air                4
   b - Silence                        Hexes/Air                    5
   c - Deflect Missiles               Charms/Air                   6
   d - Conjure Ball Lightning         Conjuration/Air              6
   e - Tornado                        Air                          9
   Trog disapproves of the use of such an item.
Comestibles
 c - 8 bread rations
 f - 7 royal jellies
 j - 8 meat rations
 A - 4 fruits
 S - 4 chunks of flesh


   Skills:
 + Level 9.7 Fighting
 * Level 12.9 Polearms
 * Level 12.4 Armour
 + Level 8.4 Dodging


You had 10 spell levels left.
You didn't know any spells.

Dungeon Overview and Level Annotations

Branches:
Dungeon (11/15)            Temple (0/1) D:4
   Lair: D:8-11         Orc: D:9-12

Altars:
Ashenzari
Fedhas
Makhleb
Trog
Vehumet
Xom
Yredelemnul
Zin

Shops:
D:5 =!   D:6 *


Innate Abilities, Weirdness & Mutations

You reflexively headbutt those who attack you in melee.
You have a pair of horns on your head.
You are clumsy. (Dex -2)
You are weak. (Str -2)


Message History

The brown ugly thing bites you!
* * * LOW HITPOINT WARNING * * *
You are splashed with acid!
The acid burns!
* * * LOW HITPOINT WARNING * * *
You hit the brown ugly thing.
You headbutt the brown ugly thing, but do no damage.
The brown ugly thing is almost dead.
You hit the brown ugly thing but do no damage.
Your headbutt misses the brown ugly thing.
The brown ugly thing is almost dead.
The brown ugly thing misses you.
You closely miss the brown ugly thing.
The brown ugly thing is almost dead.
You hit the brown ugly thing but do no damage.
You headbutt the brown ugly thing, but do no damage.
The brown ugly thing is almost dead.
The brown ugly thing bites you!
* * * LOW HITPOINT WARNING * * *
The acid corrodes you!
You are splashed with acid!
The acid burns!
You die...

...................
...................
...................
...................
######..###########
#######...).......
.........)........
..................
#####.@.#########
.......u.#
...........
####.........
#.######### #. #


You could see a brown ugly thing.

Vanquished Creatures
  Erolcha (D:9)
  2 two-headed ogres (D:11)
  A death yak (D:11)
  An elephant (D:11)
  Joseph (D:7)
  A freezing wraith (D:11)
  Grinder (D:3)
  A troll (D:11)
  Prince Ribbit (D:7)
  A hornet (D:7)
  A hippogriff (D:9)
  A shadow (D:11)
  A spriggan (D:7)
  A water elemental (D:11)
  2 wyverns
  3 yaks (D:10)
  Menkaure (D:5)
  A hungry ghost (D:11)
  2 orc warriors
  A water moccasin (D:6)
  A black bear (D:9)
  An ogre (D:4)
  2 ice beasts
  A phantom (D:4)
  2 eyes of draining (D:9)
  7 centaurs
  2 crocodiles
  4 big kobolds
  2 bullfrogs
  An elf zombie (Ossuary)
  A gnoll sergeant (D:8)
  2 scorpions (D:8)
  2 wyvern skeletons
  4 killer bees (D:9)
  4 electric eels
  5 wights (D:6)
  2 howler monkeys
  2 crimson imps (D:5)
  2 bullfrog skeletons
  7 orc priests
  8 hounds
  3 jellies
  A gnoll shaman (D:4)
  A human zombie (Ossuary)
  10 orc wizards
  2 centaur skeletons
  Ijyb (D:3)
  An iguana (D:8)
  12 worker ants
  2 big kobold zombies (Ossuary)
  3 hound zombies
  3 mummies
  A worker ant zombie (D:4)
  7 adders
  9 gnolls
  3 shadow imps
  2 oozes
  An adder zombie (Ossuary)
  2 worms (D:2)
  4 dart slugs
  3 leopard geckos
  40 orcs
  2 ball pythons (D:3)
  9 giant cockroaches
  3 goblins
  9 hobgoblins
  17 jackals
  4 quokkas
  7 bats
  4 frilled lizards
  A goblin zombie (Ossuary)
  9 hobgoblin zombies (Ossuary)
  2 jackal zombies (Ossuary)
  16 kobolds
  9 kobold zombies (Ossuary)
  2 leopard gecko skeletons
  7 orc zombies (Ossuary)
  A quokka zombie (D:7)
  9 rats
  A rat zombie (Ossuary)
310 creatures vanquished.

Vanquished Creatures (collateral kills)
  Snorg (D:10)
1 creature vanquished.

Grand Total: 311 creatures vanquished

Notes
Turn   | Place    | Note
-------+----------+-------------------------------------------
     0 | D:1      | tof the Minotaur Berserker began the quest for the Orb.
     0 | D:1      | Reached XP level 1. HP: 19/19 MP: 0/0
   125 | D:1      | Reached XP level 2. HP: 26/27 MP: 1/1
   549 | D:1      | Reached XP level 3. HP: 30/33 MP: 2/2
   784 | D:1      | Reached ** piety under Trog
   958 | D:2      | Found a radiant altar of Vehumet.
  1256 | D:2      | Reached XP level 4. HP: 39/40 MP: 3/3
  1785 | D:3      | Found a shimmering altar of Xom.
  1808 | D:3      | Noticed a big kobold
  1822 | D:3      | Noticed Grinder
  1859 | D:3      | Killed Grinder
  1859 | D:3      | Reached skill level 5 in Polearms
  1859 | D:3      | Reached XP level 5. HP: 12/47 MP: 4/4
  1859 | D:3      | Reached XP level 6. HP: 14/53 MP: 5/5
  2223 | D:3      | Reached skill level 5 in Armour
  2353 | D:3      | Noticed Ijyb
  2379 | D:3      | Killed Ijyb
  2379 | D:3      | Reached skill level 5 in Fighting
  2743 | D:4      | Reached *** piety under Trog
  2743 | D:4      | Reached XP level 7. HP: 51/61 MP: 6/6
  2897 | D:4      | Found a sand-covered staircase.
  2909 | Ossuary  | Entered an ossuary
  3340 | Ossuary  | Reached **** piety under Trog
  3751 | D:4      | Reached XP level 8. HP: 70/70 MP: 7/7
  4064 | D:4      | Reached skill level 5 in Dodging
  4300 | D:4      | Found a staircase to the Ecumenical Temple.
  4362 | D:5      | Entered Level 5 of the Dungeon
  4362 | D:5      | Found Gaynerph's Distillery.
  4373 | D:5      | Bought a potion of mutation for 112 gold pieces
  4373 | D:5      | Gained mutation: You are partially covered in iridescent scales. (AC +2) [potion of mutation]
  4373 | D:5      | Gained mutation: You evolve. [potion of mutation]
  4373 | D:5      | Gained mutation: You are resistant to hostile enchantments. (MR+) [potion of mutation]
  4373 | D:5      | Gained mutation: You are resistant to electric shocks. (rElec) [potion of mutation]
  4478 | D:5      | Found Qysaxta's Jewellery Boutique.
  4601 | D:5      | Noticed Menkaure
  4612 | D:5      | Killed Menkaure
  4897 | D:5      | Found a basalt altar of Yredelemnul.
  5236 | D:6      | Found Zin's Purification Station.
  5237 | D:6      | Found a glowing silver altar of Zin.
  5284 | D:6      | Reached XP level 9. HP: 76/78 MP: 8/8
  5494 | D:6      | Found a bloodstained altar of Trog.
  5666 | D:7      | Noticed Joseph
  5763 | D:7      | Killed Joseph
  5925 | D:7      | Noticed Prince Ribbit
  5953 | D:7      | Killed Prince Ribbit
  6112 | D:7      | Found a blossoming altar of Fedhas.
  6217 | D:7      | Lost mutation: You evolve. [potion of mutation]
  6217 | D:7      | Lost mutation: You are partially covered in iridescent scales. (AC +2) [potion of mutation]
  6217 | D:7      | Lost mutation: You are resistant to electric shocks. (rElec) [potion of mutation]
  6217 | D:7      | Lost mutation: You are resistant to hostile enchantments. (MR+) [potion of mutation]
  6217 | D:7      | Gained mutation: Potions are less effective at restoring your health. [potion of mutation]
  6217 | D:7      | Gained mutation: You possess an exceptional clarity of mind. [potion of mutation]
  6233 | D:7      | Reached skill level 10 in Polearms
  6244 | D:7      | Reached ***** piety under Trog
  7116 | D:8      | Lost mutation: Potions are less effective at restoring your health. [potion of mutation]
  7116 | D:8      | Lost mutation: You possess an exceptional clarity of mind. [potion of mutation]
  7116 | D:8      | Gained mutation: You are weak. (Str -2) [potion of mutation]
  7116 | D:8      | Gained mutation: Your spells are a little easier to cast, but a little less powerful. [potion of mutation]
  7116 | D:8      | Gained mutation: You are clumsy. (Dex -2) [potion of mutation]
  7116 | D:8      | Lost mutation: Your spells are a little easier to cast, but a little less powerful. [potion of mutation]
  7448 | D:8      | Found a bloodstained altar of Trog.
  7628 | D:8      | Reached skill level 10 in Armour
  7867 | D:9      | Noticed Erolcha
  7886 | D:9      | Reached XP level 10. HP: 87/88 MP: 9/9
  7905 | D:9      | Killed Erolcha
  7917 | D:9      | Received a gift from Trog
  8521 | D:9      | Found a burning altar of Makhleb.
  8614 | D:9      | Found a shattered altar of Ashenzari.
  8904 | D:10     | Entered Level 10 of the Dungeon
  9531 | D:10     | Noticed Snorg
  9559 | D:10     | Killed Snorg
 10081 | D:11     | Reached XP level 11. HP: 97/97 MP: 3/10
 10297 | D:11     | Noticed a two-headed ogre
 10406 | D:11     | Killed a two-headed ogre
 10569 | D:11     | Received a gift from Trog
 10758 | D:11     | Noticed a two-headed ogre
 10773 | D:11     | Killed a two-headed ogre
 11410 | D:11     | Noticed a death yak
 11442 | D:11     | Killed a death yak
 11571 | D:11     | Noticed a brown ugly thing
 11611 | D:11     | HP: 4/99 [brown ugly thing (7)]
 11611 | D:11     | Splashed by a brown ugly thing's acid

Vault maps used:
D:1:      lemuel_arrival_hallway
D:2:      old_standard_altar, first_bread
D:3:      cheibrodos_thug_alley, xom_teletrap_fun, uniq_grinder, uniq_ijyb
D:4:      temple_hall, gup_ossuary_entry_pyramid
D:5:      kennysheep_mini, serial_shops, nicolae_shop_trees, shop_fountains,
          uniq_menkaure
D:6:      zin_purify, bloody_trog
D:7:      overflow_temple_1_default, the_bakery, uniq_prince_ribbit1,
          uniq_joseph
D:8:      lemuel_round_altar
D:9:      ashenzari_altar_1, makhleb_heckhound_becter, uniq_erolcha
D:10:     uniq_snorg
D:11:     david_lair_generic, erik_orc_2, lab_entry_generic
Ossuary:  ossuary_tomb_1

Skill      XL: |  1  2  3  4  5  6  7  8  9 10 11 |
---------------+----------------------------------+-----
Polearms       | 4 5 6 7 9 10 12 | 12.9
Armour         | 3 4 5 6 8 10 11 12 | 12.4
Fighting       | 4 5 6 8 9 |  9.7
Dodging        | 3 4 5 6 7 8 |  8.4

Action                   |  1- 3 |  4- 6 |  7- 9 | 10-12 || total
-------------------------+-------+-------+-------+-------++-------
Melee: Spear             |   120 |   145 |   603 |   508 ||  1376
       Headbutt          |    21 |    25 |   131 |   102 ||   279
Invok: Berserk           |       |       |     2 |     5 ||     7
       Trog's Hand       |       |       |       |     1 ||     1
       Brothers in Arms  |       |       |       |     1 ||     1
  Use: Scroll            |       |     6 |     7 |     1 ||    14
       Potion            |       |       |     3 |       ||     3
 Stab: Sleeping          |     1 |       |       |       ||     1
  Eat: Chunk             |     1 |     5 |    11 |    14 ||    31
       Bread ration      |       |       |     2 |     1 ||     3
Armor: Animal skin       |    13 |       |       |       ||    13
       Ring mail         |    10 |     7 |       |       ||    17
       Scale mail        |       |    22 |   142 |    81 ||   245
Dodge: Dodged            |    56 |    40 |   242 |   149 ||   487
